 Dungeon Crawl Stone Soup version 0.15-a0-1029-ge69a1e2 (console) character file.

186 Che the Insei (level 5, -1/36 HPs)
             Began as an Octopode Monk on May 26, 2014.
             Slain by a goblin
             ... wielding a +1,+1 dagger of electrocution
              (18 damage)
             ... on Level 4 of the Dungeon.
             The game lasted 00:04:42 (1029 turns).

Che the Insei (Octopode Monk)                       Turns: 1029, Time: 00:04:44

HP  -1/36        AC  1     Str 12      XL: 5   Next: 66%
MP   5/5         EV 13     Int 12      God:
Gold 78          SH  0     Dex 14      Spells:  0 memorised,  4 levels left

rFire  . . .     SeeInvis .       - Unarmed
rCold  . . .     Clarity  .     (no shield)
rNeg   . . .     Conserve .     (helmet restricted)
rPois  .         rCorr    .     (no amulet)
rElec  .         rRot     .     (no ring)
SustAb .         Spirit   .     (no ring)
rMut   .         Warding  .     (no ring)
Gourm  .         Stasis   .     (no ring)
MR     .....                    (no ring)
                                (no ring)
                                (no ring)
                                (no ring)

@: not resistant to hostile enchantments, fairly stealthy
A: almost no armour, amphibious, 8 rings, constrict 8, camouflage 1, gelatinous
body 1
a: no special abilities


You were on level 4 of the Dungeon.
You were not hungry.

You visited 1 branch of the dungeon, and saw 4 of its levels.

You collected 78 gold pieces.

Inventory:

Missiles
 a - 20 poisoned needles
 j - 18 bolts
Armour
 f - a +0 shield
Comestibles
 b - 2 bread rations
 g - a meat ration
 l - 11 strawberries
 n - a chunk of worm flesh
Scrolls
 c - 4 scrolls of identify {unknown}
 d - a scroll of amnesia {unknown}
 h - a scroll of blinking {unknown}
 i - 3 scrolls of remove curse {unknown}
 k - a scroll of enchant armour {unknown}
 m - a scroll of random uselessness {unknown}
 o - a scroll of fear {unknown}
Potions
 e - 5 potions of curing {unknown}


   Skills:
 - Level 3.0 Fighting
 - Level 3.0 Dodging
 - Level 2.6 Stealth
 + Level 6.7 Unarmed Combat


You had 4 spell levels left.
You didn't know any spells.

Dungeon Overview and Level Annotations

Branches:
Dungeon (4/15)
 Temple: D:4-7

Altars:
The Shining One

Shops:
D:4 [

Annotations:
D:4 Dowan, Duvessa


Innate Abilities, Weirdness & Mutations

You cannot wear most types of armour.
You are amphibious.
You can wear up to eight rings at the same time.
You can use your tentacles to constrict many enemies at once.
Your skin changes colour to match your surroundings (Stealth).
Your rubbery body absorbs attacks (AC +1).


Message History

The goblin shouts!
A gnoll comes into view.
There is an open door here.
A goblin and an orc come into view.
You see here a scroll labeled EMMIKH TWAIHE.
o - a scroll labeled EMMIKH TWAIHE The orc shouts!
A hobgoblin comes into view.
You tentacle-slap the orc. Your grab misses the orc.
The orc is severely wounded.
The orc closely misses you.
You tentacle-slap the orc.
You kill the orc!
You barely miss the goblin. Your grab misses the goblin.
You squeeze the goblin.
The goblin is moderately wounded.
The goblin hits you with a runed dagger.
You are electrocuted!
Ouch! That really hurt!
You die...

######..##
#########........#
#..............#.#
#..............#.##
##..............#...
..................####
#..#######..P.........
#. #..#..##'#####.####
#.@g..#..#..)#.## #
#.g####).#..)'.[# #
##g#..##'##'##%.# #
#........#g.#...###
#.....#####.)..#......
#..####.).'.#####.##.#
#..#..'...#..# #.##..


gg. #..#..%#..# #.#... # ########.## ##..... You could see a hobgoblin and 2
goblins.

Vanquished Creatures
  An ice beast (D:4)
  3 adders
  2 gnolls (D:4)
  A worm (D:4)
  The ghost of Amnesiac the Vexing, a weakling KoEn (D:3)
  2 orcs
  7 bats
  6 giant cockroaches
  6 hobgoblins
  5 jackals
  4 giant newts
  13 goblins
  2 kobolds
  4 rats
57 creatures vanquished.

Notes
Turn   | Place    | Note
--------------------------------------------------------------
     0 | D:1      | Che, the Octopode Monk, began the quest for the Orb.
     0 | D:1      | Reached XP level 1. HP: 16/16 MP: 1/1
    36 | D:1      | Reached XP level 2. HP: 15/21 MP: 2/2
   254 | D:2      | Reached XP level 3. HP: 22/26 MP: 3/3
   267 | D:2      | Reached skill level 5 in Unarmed Combat
   350 | D:2      | Found a glowing golden altar of the Shining One.
   484 | D:3      | Noticed Amnesiac's ghost (weakling KoEn)
   494 | D:3      | Killed Amnesiac's ghost
   541 | D:3      | Reached XP level 4. HP: 31/31 MP: 4/4
   613 | D:4      | Noticed an ice beast
   630 | D:4      | Killed an ice beast
   630 | D:4      | Reached skill level 6 in Unarmed Combat
   630 | D:4      | Reached XP level 5. HP: 3/36 MP: 5/5
   641 | D:4      | Noticed a giant frog
   667 | D:4      | Found Motorofua's Antique Armour Boutique.
   708 | D:4      | Noticed Duvessa
   732 | D:4      | Noticed Dowan
  1029 | D:4      | Slain by a goblin

Action                   |  1- 3 |  4- 6 || total
-------------------------+-------+-------++-------
Melee: Unarmed           |    74 |    43 ||   117
 Stab: Sleeping          |    12 |     5 ||    17
